AoeStats
← iKill

Runestones

508079646Analyzed
1v1 RM · 12d ago on Sep 20, 2026· 23m 7s· 2 players
Game mode
Random Map
Map size
Tiny (2 player)
Population
200
Speed
Normal
Resources
Standard
Victory
Conquest
Starting age
Dark Age
Ending age
Imperial Age
RankedLock teamsTeams togetherTeam positionsShared explorationLock speedFull tech treeHidden civsTurbo modeCheats
Victory
Defeat
🇺🇸 Lithuanians · United States
851
+16
🇧🇷 Chinese · Brazil
857
-43
HalfHazzard
7:07 Loom
9:49 Feudal Age
10:47 Double-Bit Axe
16:34 Scale Barding Armor
22:37 Castle Age
21:16 Bloodlines
22:38 Forging
22:11 Horse Collar
22:24 Gold Mining
23:38 Husbandry
iKill
0:28 Loom
10:30 Feudal Age
22:49 Wheelbarrow
Connection lost

Rejoining the realm…

Still unreachable

The connection could not be restored.

Session expired

The server has moved on; the page needs a fresh start.